 Dungeon Crawl Stone Soup version 0.27-a0-1046-g98bf31544f (webtiles) character file.

Game seed: 9338811055275429597

2214 snetch the Cleaver (level 9, 0/121 HPs)
             Began as a Minotaur Berserker on Apr 20, 2021.
             Was a Priest of Trog.
             Slain by an orc warrior
             ... wielding a +0 halberd
              (8 damage)
             ... in a bailey.
             The game lasted 00:20:19 (6005 turns).

snetch the Cleaver (Minotaur Berserker)             Turns: 6005, Time: 00:20:20

Health: 0/121      AC: 16    Str: 25    XL:     9   Next: 13%
Magic:  17/17      EV:  9    Int:  4    God:    Trog [***...]
Gold:   386        SH:  0    Dex: 10    Spells: 8/8 levels left

rFire    . . .     SeeInvis +   L - +0 battleaxe
rCold    . . .     Faith    .   (shield currently unavailable)
rNeg     . . .     Spirit   .   i - +3 chain mail
rPois    .         Reflect  .   (helmet restricted)
rElec    .         Harm     .   e - +0 cloak
rCorr    .         Rampage  .   p - +0 pair of gloves
Will     ++...                  (no boots)
Stlth    ..........             g - amulet of magic regeneration
HPRegen  1.30/turn              B - ring of see invisible
MPRegen  0.40/turn              m - ring of magical power

@: berserking (expiring), regenerating, very quick
A: horns 2, retaliatory headbutt
a: Renounce Religion, Berserk, Trog's Hand


You were in a bailey.
You worshipped Trog.
Trog was most pleased with you.
You visited 2 branches of the dungeon, and saw 9 of its levels.
You also visited: Bailey.

You collected 386 gold pieces.

Inventory:

Hand Weapons
 a - a +0 war axe
 K - a +0 short sword of flaming
 L - a +0 battleaxe (weapon)
 M - a +0 halberd
 O - a +0 shortbow
 P - a +0 trident
Missiles
 d - 195 stones
 h - 101 sling bullets
 q - 58 arrows
 t - 70 bolts
 y - 33 poisoned darts (quivered)
Armour
 e - a +0 cloak (worn)
 i - a +3 chain mail (worn)
 p - a +0 pair of gloves (worn)
 I - +0 steam dragon scales
 N - a +0 kite shield
Jewellery
 g - an amulet of magic regeneration (around neck)
 m - a ring of magical power (right hand)
 B - a ring of see invisible (left hand)
Wands
 s - a wand of acid (6)
 z - a wand of paralysis (13)
 D - a wand of iceblast (8)
Scrolls
 b - 2 scrolls of teleportation {unknown}
 c - 4 scrolls of enchant armour {unknown}
 f - 2 scrolls of identify {unknown}
 j - a scroll of blinking {unknown}
 k - 2 scrolls of magic mapping {unknown}
 u - a scroll of fear {unknown}
 v - a scroll of amnesia {unknown}
 C - 2 scrolls of fog {unknown}
 E - a scroll of noise {unknown}
 H - a scroll of vulnerability {unknown}
Potions
 l - 2 potions of haste {unknown}
 n - 2 potions of brilliance {unknown}
 o - a potion of flight {unknown}
 r - a potion of lignification {unknown}
 w - a potion of heal wounds {unknown}
 x - 3 potions of curing {unknown}
 A - a potion of cancellation {unknown}
 F - a potion of might {unknown}
 G - a potion of degeneration {unknown}
 J - a potion of attraction {unknown}


   Skills:
 + Level 7.9 Fighting
 + Level 10.4 Axes
 + Level 7.6 Armour
 + Level 3.8 Dodging


You had 8 spell levels left.
You didn't know any spells.
Your spell library was empty.

Dungeon Overview and Level Annotations

Branches:
Dungeon (8/15)             Temple (1/1) D:4            Lair (0/6) D:8
 Bailey (1/1)

Altars:
Ashenzari
Cheibriados
Dithmenos
Elyvilon
Fedhas
Gozag
Hepliaklqana
Kikubaaqudgha
Makhleb
Nemelex Xobeh
Okawaru
Ru
Sif Muna
Trog
Uskayaw
Vehumet
Xom
Yredelemnul
Zin
The Shining One


Innate Abilities, Weirdness & Mutations

You have a pair of horns on your head.
You reflexively headbutt those who attack you in melee.


Message History

The orc hits you but does no damage.
You see here a +0 spear.
The orc warrior hits you but does no damage.
The orc hits you with a +0 halberd.
* * * LOW HITPOINT WARNING * * *
The orc warrior closely misses you.
The orc drinks a potion.
The orc flickers and vanishes for a moment.
Things that are here:
a +0 halberd; a +0 ring mail You slice the orc!!
You kill the orc!
Trog accepts your kill.
You slash the orc warrior! You closely miss the orc warrior. You slash the orc!
You kill the orc!
Trog accepts your kill.
The orc warrior hits you with a +0 glaive.
* * * LOW HITPOINT WARNING * * *
The orc warrior hits you with a +0 glaive!
* * * LOW HITPOINT WARNING * * *
The orc warrior closely misses you.
You slash the orc warrior!
The orc warrior is severely wounded.
You slice the orc warrior!! The orc barely misses you.
The orc warrior hits you but does no damage.
The orc warrior hits you with a +0 glaive.
* * * LOW HITPOINT WARNING * * *
Unknown command.
You slice the orc warrior!!
You kill the orc warrior!
Trog accepts your kill.
You slash the orc warrior!
You kill the orc warrior!
Trog accepts your kill.
The orc warrior hits you from afar with a +0 halberd.
* * * LOW HITPOINT WARNING * * *
The orc completely misses you.
You completely miss the orc. You headbutt the orc.
The orc is heavily wounded.
The orc warrior hits you from afar with a +0 halberd!
You die...

#.......#
#.......#
#.......#
#.......#
#.......#
#...o...#
#...oo..#
#.))o)..#
#∩))@).∩#
#)))))..#
##).∩..##
#######


You could see an orc warrior and 3 orcs.

Vanquished Creatures
  A wyvern (D:8)
  3 steam dragons
  5 orc warriors
  A necrophage (D:5)
  A sky beast (D:4)
  An ogre (D:5)
  2 centaurs (D:8)
  2 kobold brigands
  2 scorpions (D:4)
  2 howler monkeys
  3 centaur zombies
  2 orc priests (D:8)
  2 iguanas
  A killer bee zombie (D:8)
  3 gnolls (D:5)
  8 adders
  2 white imps
  An ufetubus (D:5)
  2 adder skeletons (D:4)
  A worm (D:2)
  23 orcs
  2 bats (D:1)
  6 endoplasms
  7 giant cockroaches
  9 goblins
  7 hobgoblins
  8 jackals
  12 kobolds
  A quokka (D:3)
  5 ball pythons
  A frilled lizard (D:1)
  7 rats
133 creatures vanquished.

Notes
Turn   | Place    | Note
-------+----------+-------------------------------------------
     0 | D:1      | snetch the Minotaur Berserker began the quest for the Orb.
     0 | D:1      | Reached XP level 1. HP: 19/19 MP: 0/0
   301 | D:1      | Reached XP level 2. HP: 27/27 MP: 1/1
   328 | D:1      | Found a faded altar of an unknown god.
   340 | D:1      | Reached skill level 4 in Axes
   621 | D:1      | Reached XP level 3. HP: 33/33 MP: 2/2
   743 | D:1      | Reached ** piety under Trog
  1092 | D:2      | Reached XP level 4. HP: 41/41 MP: 3/3
  2925 | D:5      | Entered Level 5 of the Dungeon
  2944 | D:4      | Noticed a scorpion
  2950 | D:4      | Killed a scorpion
  2951 | D:4      | Reached skill level 5 in Axes
  2951 | D:4      | Reached XP level 5. HP: 47/47 MP: 4/4
  3069 | D:4      | Reached skill level 5 in Fighting
  3104 | D:4      | Found a staircase to the Ecumenical Temple.
  3113 | Temple   | Entered the Ecumenical Temple
  3631 | D:4      | Noticed a sky beast
  3645 | D:4      | Killed a sky beast
  3646 | D:4      | Reached skill level 6 in Axes
  3646 | D:4      | Reached XP level 6. HP: 56/56 MP: 5/5
  4074 | D:5      | Reached XP level 7. HP: 62/62 MP: 6/6
  4083 | D:5      | Reached skill level 7 in Axes
  4198 | D:5      | Reached *** piety under Trog
  4375 | D:5      | Reached skill level 5 in Armour
  4711 | D:6      | Noticed a steam dragon
  4724 | D:6      | Noticed a steam dragon
  4727 | D:6      | Killed a steam dragon
  4732 | D:6      | Killed a steam dragon
  4733 | D:6      | Reached skill level 8 in Axes
  5120 | D:7      | Noticed a steam dragon
  5135 | D:7      | Killed a steam dragon
  5136 | D:7      | Reached XP level 8. HP: 42/71 MP: 7/7
  5343 | D:8      | Reached skill level 9 in Axes
  5737 | D:8      | Found a staircase to the Lair.
  5748 | D:8      | Reached skill level 10 in Axes
  5773 | D:8      | Found a flagged portal.
  5795 | Bailey   | Entered a bailey
  5983 | Bailey   | Reached XP level 9. HP: 16/80 MP: 8/8
  5983 | Bailey   | HP: 3/80 [orc warrior/+0 glaive (14)]
  6005 | Bailey   | Slain by an orc warrior

Illustrated notes

Levels and vault maps discovered:
D:1:      dpeg_arrival_tiny_c, layout_loops_ring,
          chequers_ecumenical_altar_island, corexii_leaking_fountain,
          chequers_arboretum
D:2:      layout_basic
D:3:      layout_basic, roderic_lattice_a
D:4:      layout_rooms, minmay_temple_entry_arrows
D:5:      layout_gridville
D:6:      cheibrodos_steamvent, layout_loops_corners,
          gammafunk_temple_overflow_elements, kennysheep_nondescript
D:7:      layout_basic, minmay_starry_boxes, uniq_duvessa,
          uniq_crazy_yiuf_cottage
D:8:      minmay_skewed_foursquare, layout_gridville, lair_entry_dummy,
          enter_bailey_3
Temple:   regret_index_temple_chain_breaker
Bailey:   bailey_polearm_5, bailey

Skill      XL: |  1  2  3  4  5  6  7  8 |
---------------+-------------------------+-----
Fighting       | 4 5 6 7 |  7.9
Axes           | 4 5 6 8 10 | 10.4
Armour         | 3 4 5 7 |  7.6
Dodging        | 3 |  3.8

Action                   |  1- 3 |  4- 6 |  7- 9 || total
-------------------------+-------+-------+-------++-------
Melee: Hand axe          |    83 |   110 |   132 ||   325
       Headbutt          |    12 |    20 |    28 ||    60
       War axe           |       |       |     8 ||     8
       Battleaxe         |       |       |     4 ||     4
Invok: Berserk           |       |     2 |     3 ||     5
       Trog's Hand       |       |       |     5 ||     5
 Stab: Sleeping          |     1 |       |       ||     1
Armor: Animal skin       |    11 |       |       ||    11
       Chain mail        |    24 |    67 |   166 ||   257
Dodge: Dodged            |    53 |    51 |   138 ||   242

Table legend: (Time is in decaauts)
 A = Elapsed time spent in this place.
 B = Non-inter-level travel time spent in this place.
 C = Inter-level travel time spent in this place.
 D = Time resting spent in this place.
 E = Time spent auto-exploring this place.
 F = Levels seen in this place.
 G = Mean time per level.
                   A        B        C        D        E       F      G
               +--------+--------+--------+--------+--------+-----+--------+
         Total |   6062 |   5817 |    245 |    260 |   3829 |  10 |  606.2 |
       Dungeon |   5694 |   5468 |    226 |    183 |   3685 |   8 |  711.8 |
        Temple |    164 |    145 |     19 |      0 |    144 |   1 |  164.0 |
        Bailey |    203 |    203 |      0 |     77 |      0 |   1 |  203.0 |
               +--------+--------+--------+--------+--------+-----+--------+

Top non-repeatable levels by time:
     D:1: 1066 daAuts
     D:2: 1002 daAuts
     D:5: 881 daAuts
     D:3: 822 daAuts
     D:4: 787 daAuts
     D:6: 461 daAuts
     D:8: 460 daAuts
     D:7: 212 daAuts
  Bailey: 203 daAuts
  Temple: 164 daAuts
